 Dungeon Crawl Stone Soup version 0.30.0-5-g1a98f26d00 (webtiles) character file.

Game seed: 368195329494310216

543 monsoonserge the Ruffian (level 7, -9/67 HPs)
             Began as a Troll Monk on May 10, 2023.
             Killed by nerve-wracking pain
             ... invoked by an orc priest
              (10 damage)
             ... on level 5 of the Dungeon.
             The game lasted 00:09:21 (2888 turns).

monsoonserge the Ruffian (Troll Monk)               Turns: 2888, Time: 00:09:22

Health: -9/67      AC:  4    Str: 22    XL:     7   Next: 6%
Magic:  6/6        EV: 10    Int: 12    God:
Gold:   182        SH:  0    Dex: 12    Spells: 6/6 levels left

rFire   + .          .
                       - Unarmed
rCold   + . .        (no shield)
rNeg    . . .        a - +0 robe
rPois   +            (helmet restricted)
rElec   .            x - scarf {rC+ rF+}
rCorr   .            (gloves unavailable)
SInv    .            (boots unavailable)
Will    .....        (no amulet)
Stlth   +            e - +6 ring of intelligence
HPRegen 1.11/turn    (no ring)
MPRegen 0.10/turn

%: no passive effects
@: no status effects
A: large, unfitting armour, claws 3, regeneration 1, shaggy fur 1, tough skin 1,
mutation resistance 1, poison resistance
a: no special abilities


You were on level 5 of the Dungeon.
You visited 1 branch of the dungeon, and saw 5 of its levels.

You collected 294 gold pieces.
You spent 112 gold pieces at shops.

Inventory:

Missiles
 d - 86 stones
 m - 5 javelins (quivered)
 q - 5 poisoned darts
Armour
 a - a +0 robe (worn)
 c - an orb of light
 x - a scarf of resistance (worn)
Jewellery
 e - a +6 ring of intelligence (left claw)
Wands
 s - a wand of digging (8)
 v - a wand of flame (7)
Scrolls
 f - 7 scrolls of identify {unknown}
 g - 3 scrolls of poison {unknown}
 h - 2 scrolls of immolation
 i - 2 scrolls of blinking {unknown}
 k - 4 scrolls of fog {unknown}
 o - a scroll of fear {unknown}
 p - a scroll of vulnerability {unknown}
 y - a scroll of enchant weapon {unknown}
Potions
 b - 2 potions of ambrosia
 j - a potion of brilliance {unknown}
 l - a potion of degeneration {unknown}
 n - a potion of berserk rage {unknown}
 r - a potion of resistance {unknown}
 t - a potion of mutation
 u - 3 potions of heal wounds
 w - a potion of might {unknown}
 z - a potion of curing


   Skills:
 + Level 3.1 Fighting
 + Level 3.4 Dodging
 + Level 7.1 Unarmed Combat


You had 6 spell levels left.
You didn't know any spells.
Your spell library contained the following spells:

 Spells                   Type           Power      Damage    Failure   Level
 Apportation              Tloc           0%         N/A       32%         1
 Ensorcelled Hibernation  Hex/Ice        0%         N/A       45%         2
 Poisonous Vapours        Pois/Air       0%         N/A       45%         2
 Gell's Gravitas          Tloc           0%         N/A       69%         3
 Mephitic Cloud           Conj/Pois/Air  0%         N/A       69%         3
 Spider Form              Tmut/Pois      0%         N/A       69%         3
 Teleport Other           Tloc           0%         N/A       69%         3
 Anguish                  Hex/Necr       0%         N/A       97%         4
 Alistair's Intoxication  Tmut/Pois      0%         N/A       100%        5
 Freezing Cloud           Conj/Ice/Air   0%         6-21      100%        5
 Dispersal                Tloc           0%         N/A       100%        6


Dungeon Overview and Level Annotations

Branches:
Dungeon (5/15)             Temple (0/1) D:5

Altars:
Hepliaklqana
Vehumet
Xom

Shops:
D:5 !


Innate Abilities, Weirdness & Mutations

You are too large for most types of armour.
You have claws for hands.
Your natural rate of healing is unusually fast.
You are covered in fur. (AC +1)
You have tough skin. (AC +1)
You are somewhat resistant to further mutation.
Your system is resistant to poisons. (rPois)


Message History

The orc attacks as you move away! The orc barely misses you.
The orc priest calls upon Beogh to heal the orc.
The orc's wounds heal themselves!
You claw the orc!
You kill the orc!
You barely miss the orc. The orc priest completely misses you.
You closely miss the orc. The orc priest closely misses you.
The orc closely misses you.
You claw the orc!
You kill the orc!
The orc priest invokes the aid of Beogh against you.
Beogh smites you!
* * * LOW HITPOINT WARNING * * *
Unknown command.
Throw: 6 javelins
Press: ? - help, Q - select action, (/) - cycle Shift-Dir - straight line, f - orc priest
Aim: an orc priest, wielding a +0 mace and wearing a +0 scale mail (61% to hit)
You throw a javelin.
The javelin barely misses the orc priest.
The javelin pierces through the orc priest but does no damage.
The orc priest barely misses you.
The orc priest mumbles some strange prayers to Beogh against you.
Beogh smites you!
* * * LOW HITPOINT WARNING * * *
Okay, then.
It was a potion of mutation.
You feel extremely strange.
You feel genetically stable.
You feel resistant to poisons.
The orc priest looks satisfied for a moment.
Press: ? - help, v - describe, . - travel
Here: an orc priest, wielding a +0 trident The floor.
Things that are here:
a +3 whip; an orc corpse You claw the orc priest!
The orc priest is almost dead.
The orc priest hits you with a +0 trident.
* * * LOW HITPOINT WARNING * * *
The orc priest calls down the wrath of Beogh upon you.
Pain shoots through your body!
You die...

#.##..#######
#..).........
####.########
#.# #.# #.#
##.# ###..#
#o@)## #.###
#..o.o.#
(o.oo..#
#...##o.#
#...##..#
.........#
...>... .#
......... #


You could see 2 orc priests.

Vanquished Creatures
  An orc warrior (D:5)
  A phantom (D:4)
  2 scorpions
  3 hounds
  5 adders
  A white imp (D:5)
  An ufetubus (D:5)
  2 worms
  2 dart slugs (D:4)
  12 orcs
  4 ball pythons
  11 endoplasms
  5 giant cockroaches
  8 goblins
  9 hobgoblins
  7 quokkas
  6 bats
  8 frilled lizards
  4 kobolds
  5 rats
97 creatures vanquished.

Notes
Turn   | Place    | Note
-------+----------+-------------------------------------------
     0 | D:1      | monsoonserge the Troll Monk began the quest for the Orb.
     0 | D:1      | Reached XP level 1. HP: 22/22 MP: 0/0
    20 | D:1      | Found a faded altar of an unknown god.
    74 | D:1      | Reached XP level 2. HP: 29/29 MP: 1/1
   737 | D:2      | Reached XP level 3. HP: 36/36 MP: 2/2
  1451 | D:3      | Reached skill level 4 in Unarmed Combat
  1708 | D:3      | Reached XP level 4. HP: 44/44 MP: 3/3
  1879 | D:3      | Identified the +8 scale mail of the Feral Locust {rF+
                  | Regen+ Dex-2 Slay+5}
  2029 | D:4      | Noticed a phantom
  2039 | D:4      | Reached XP level 5. HP: 43/52 MP: 4/4
  2044 | D:4      | Reached skill level 5 in Unarmed Combat
  2051 | D:4      | Killed a phantom
  2115 | D:4      | Reached skill level 6 in Unarmed Combat
  2115 | D:4      | Reached XP level 6. HP: 52/61 MP: 5/5
  2361 | D:4      | Found a shimmering altar of Xom.
  2427 | D:4      | Found a hazy altar of Hepliaklqana.
  2436 | D:4      | Found a radiant altar of Vehumet.
  2623 | D:4      | Identified the +2 buckler of the Guardian {Str+3 Stlth+}
  2656 | D:5      | Entered Level 5 of the Dungeon
  2696 | D:5      | Found Nanuc's Distillery.
  2699 | D:5      | Identified the +10 falchion of the Inviting Lamprey {elec,
                  | +Blink Int+3}
  2726 | D:5      | Bought a potion of heal wounds for 70 gold pieces
  2726 | D:5      | Bought a potion of curing for 42 gold pieces
  2862 | D:5      | Found a staircase to the Ecumenical Temple.
  2865 | D:5      | Noticed an orc warrior
  2877 | D:5      | Killed an orc warrior
  2878 | D:5      | Reached skill level 7 in Unarmed Combat
  2878 | D:5      | Reached XP level 7. HP: 43/67 MP: 6/6
  2886 | D:5      | Gained mutation: You are somewhat resistant to further
                  | mutation. [potion of mutation]
  2886 | D:5      | Gained mutation: Your system is resistant to poisons.
                  | (rPois) [potion of mutation]
  2888 | D:5      | HP: 1/67 [orc priest/+0 trident (6)]
  2888 | D:5      | Killed from afar by an orc priest

Illustrated notes

Levels and vault maps discovered:
D:1:      dpeg_arrival_simpleton_a, layout_loops_ring,
          hellmonk_ecumenical_altar_blasted
D:2:      layout_loops_ring
D:3:      layout_basic
D:4:      minmay_inner_zag, layout_cave_pools, lemuel_tele_altar,
          mainiacjoe_overflow_swirl, st_stairs_2
D:5:      layout_basic, mainiacjoe_overflow_alcove_2,
          minmay_temple_entry_stoned_glass, serial_shops, shop_coins

Skill      XL: |  1  2  3  4  5  6 |
---------------+-------------------+-----
Unarmed Combat | 4 6 7 |  7.1
Dodging        | 3 |  3.4
Fighting       | 3 |  3.1

Action                     |  1- 3 |  4- 6 |  7- 9 || total
---------------------------+-------+-------+-------++-------
  Melee: Unarmed           |    99 |   110 |     7 ||   216
  Throw: Stone             |       |     1 |       ||     1
         Javelin           |       |       |     1 ||     1
    Use: Potion            |       |       |     1 ||     1
 Armour: Robe              |    37 |    27 |       ||    64
  Dodge: Dodged            |    40 |    43 |     7 ||    90
